 Dungeon Crawl Stone Soup version 0.27.1-4-g1640c2035a (webtiles) character file.

Game seed: 11388742440547886416

1459 Icepheonix32 the Ducker (level 8, -1/47 (54) HPs)
             Began as a Merfolk Transmuter on Nov 9, 2021.
             Was a Follower of Hepliaklqana.
             Slain by Duvessa (5 damage)
             ... on level 5 of the Dungeon.
             The game lasted 00:13:00 (6649 turns).

Icepheonix32 the Ducker (Merfolk Transmuter)        Turns: 6649, Time: 00:13:00

HP:   -1/47 (54)    AC:  3    Str: 10    XL:     8   Next: 76%
MP:   11/12         EV: 15    Int: 13    God:    Hepliaklqana [*.....]
Gold: 248           SH:  0    Dex: 14    Spells: 8/13 levels left

rFire    . . .     SeeInvis .     - Unarmed
rCold    . . .     Faith    .   (no shield)
rNeg     . . .     Spirit   .   a - +1 robe
rPois    +         Reflect  .   (helmet restricted)
rElec    .         Harm     .   (no cloak)
rCorr    .         Rampage  .   (no gloves)
Will     .....                  (no boots)
Stlth    ++........             i - amulet of the acrobat
HPRegen  0.15/turn              d - ring of flight
MPRegen  0.13/turn              c - ring of poison resistance

@: wereblooded, flying, heavily drained
A: reduced essence, (nimble swimmer 2), mertail, horns 1, passive freeze, weak 1
a: Renounce Religion, Recall Ancestor, Ancestor Identity


You were on level 5 of the Dungeon.
You worshipped Hepliaklqana.
Hepliaklqana was aware of your devotion.
You visited 1 branch of the dungeon, and saw 5 of its levels.

You collected 248 gold pieces.

Inventory:

Hand Weapons
 h - the +7 hand axe of the Crypt {freeze, +Rage rElec Str+2}
   (You found it on level 5 of the Dungeon)

   It freezes those it strikes, dealing additional cold damage.
   It can also slow down cold-blooded creatures.
   Str:       It affects your strength (+2).
   rElec:     It insulates you from electricity.
   +Rage:     It lets you go berserk.
Missiles
 g - 5 boomerangs (quivered)
Armour
 a - a +1 robe (worn)
Jewellery
 b - a ring of ice
 c - a ring of poison resistance (right hand)
 d - a ring of flight (left hand)
 i - an amulet of the acrobat (around neck)
Scrolls
 e - 2 scrolls of blinking {unknown}
 f - a scroll of enchant weapon {unknown}


   Skills:
 * Level 3.7 Fighting
 + Level 0.5 Throwing
 * Level 6.8 Dodging
 + Level 2.7 Stealth
 + Level 6.8 Unarmed Combat
 + Level 3.2 Spellcasting
 * Level 5.5 Transmutations
 * Level 4.0 Poison Magic
 + Level 0.4 Evocations


You had 8 spell levels left.
You knew the following spells:

 Your Spells              Type           Power      Damage    Failure   Level
b - Wereblood             Tmut           16%        N/A       3%          2
c - Spider Form           Tmut/Pois      7%         N/A       10%         3

Your spell library contained the following spells:

 Spells                   Type           Power      Damage    Failure   Level
 Beastly Appendage        Tmut           32%        N/A       2%          1
 Freeze                   Ice            8%         1d3       22%         1
 Frozen Ramparts          Ice            4%         1d2       56%         3
 Ice Form                 Ice/Tmut       9%         N/A       58%         4
 Hailstorm                Conj/Ice       2%         3d3       92%         4


Dungeon Overview and Level Annotations

Branches:
Dungeon (5/15)
 Temple: D:4-7

Altars:
Ashenzari
Fedhas
Hepliaklqana
Nemelex Xobeh
Sif Muna
Yredelemnul
The Shining One

Shops:
D:3 ([=

Annotations:
D:5 Dowan, Duvessa


Innate Abilities, Weirdness & Mutations

Your life essence is reduced to manifest your ancestor. (-10% HP)
((You are quick and stealthy near water. (Stealth+, EV+, Speed+++)))
Your lower body shifts to a powerful aquatic tail in water.
You have a pair of small horns on your head.
A frigid envelope surrounds you and freezes all who hurt you.
You are weak. (Str -2)


Message History

Unknown command.
Casting: Wereblood (safe; 3% risk of failure)
Confirm with . or Enter, or press ? or * to list all spells.
Your blood is infused with primal strength.
Servius hits Duvessa but does no damage.
Dowan gestures wildly while chanting.
Dowan blinks!
Duvessa completely misses you.
Servius closely misses Duvessa.
You hit Duvessa but do no damage.
Duvessa zaps a wand.
The puff of flame hits you!
You punch Duvessa!
Duvessa is moderately wounded.
Servius closely misses Duvessa.
Servius hits Duvessa but does no damage.
Duvessa hits you with a +0 short sword of draining!
You feel drained.
Duvessa is very cold.
Duvessa is moderately wounded.
Servius barely misses Duvessa.
Duvessa zaps a wand.
The puff of flame misses you.
You hit Duvessa.
Duvessa is heavily wounded.
Servius barely misses Duvessa.
Duvessa hits you with a +0 short sword of draining.
You feel drained.
Duvessa is very cold.
Duvessa is heavily wounded.
You hit Duvessa but do no damage. You headbutt Duvessa, but do no damage.
Duvessa is heavily wounded.
Servius hits Duvessa but does no damage.
Duvessa hits you with a +0 short sword of draining.
You feel drained.
Duvessa is very cold.
Duvessa is severely wounded.
Dowan mumbles some strange words.
Dowan blinks!
You aren't carrying any potions.
You punch Duvessa! You headbutt Duvessa.
Duvessa is almost dead.
Servius hits Duvessa but does no damage.
Duvessa hits you with a +0 short sword of draining!
* * * LOW HITPOINT WARNING * * *
You feel drained.
You die...

...#.# ..## .. #..........
...# # . #......... .....#
..#.....#..# ......
.......#..## .....#
.........# #.....
..###.......#
................##.##
..............§.@...####
...............Re..#...#
#... ...$........###...#
##.##......###...###...#
#..#..# .. #.........##
#..#..# #.####.......#####
.....####.#.#...##..####.#
#....#.##.#......##.#....###
#......##....>...#†........#


You could see the friendly Servius the ancestor and Duvessa (ally target).

Vanquished Creatures
  A wyvern (D:4)
  3 yaks
  A black bear (D:4)
  An ogre (D:5)
  A phantom (D:4)
  2 scorpions
  2 water moccasin skeletons (D:4)
  2 hounds (D:4)
  A jelly (D:4)
  A centaur skeleton (D:4)
  4 iguanas
  2 hound skeletons (D:4)
  8 adders
  A worm (D:4)
  4 dart slugs
  7 orcs
  7 ball pythons
  8 bats
  5 endoplasms
  2 giant cockroaches
  7 hobgoblins
  5 jackals
  4 quokkas
  3 frilled lizards (D:1)
  7 goblins
  4 kobolds
  3 rats (D:1)
96 creatures vanquished.

Vanquished Creatures (collateral kills)
  A hound skeleton (D:5)
  An adder (D:5)
2 creatures vanquished.

Vanquished Creatures (others)
  2 ancestors (D:5)
2 creatures vanquished.

Grand Total: 100 creatures vanquished

Notes
Turn   | Place    | Note
-------+----------+-------------------------------------------
     0 | D:1      | Icepheonix32 the Merfolk Transmuter began the quest for the
                  | Orb.
     0 | D:1      | Reached XP level 1. HP: 15/15 MP: 3/3
   143 | D:1      | Reached XP level 2. HP: 12/21 MP: 5/5
   894 | D:1      | Reached XP level 3. HP: 26/26 MP: 4/6
   897 | D:1      | Learned a level 2 spell: Wereblood
  1296 | D:1      | Learned a level 3 spell: Spider Form
  1371 | D:2      | Found a faded altar of an unknown god.
  1740 | D:2      | Reached XP level 4. HP: 18/33 MP: 7/7
  1893 | D:2      | Reached skill level 1 in Poison Magic
  2572 | D:3      | Found a shimmering blue altar of Sif Muna.
  2596 | D:3      | Found a blossoming altar of Fedhas.
  2599 | D:3      | Found a hazy altar of Hepliaklqana.
  2599 | D:3      | Found a broken altar of Ashenzari.
  2599 | D:3      | Found a glowing golden altar of the Shining One.
  2599 | D:3      | Found a sparkling altar of Nemelex Xobeh.
  2606 | D:3      | Gained mutation: Your spells are a little easier to cast,
                  | but a little less powerful. [potion of mutation]
  2638 | D:3      | Found a basalt altar of Yredelemnul.
  2861 | D:3      | Became a worshipper of Hepliaklqana the Forgotten
  2901 | D:3      | Found Duruisuh's Jewellery Emporium.
  2921 | D:3      | HP: 1/33 [adder (4)]
  2924 | D:3      | Reached XP level 5. HP: 2/38 MP: 7/9
  3261 | D:3      | Found Mimoc's Armour Shop.
  3480 | D:3      | Lost mutation: Your spells are a little easier to cast, but
                  | a little less powerful. [potion of mutation]
  3480 | D:3      | Gained mutation: You have a pair of large horns on your
                  | head. [potion of mutation]
  3480 | D:3      | Gained mutation: You are weak. (Str -2) [potion of
                  | mutation]
  3480 | D:3      | Gained mutation: A frigid envelope surrounds you and
                  | freezes all who hurt you. [potion of mutation]
  3536 | D:3      | Found Jeozuk's Antique Weapon Boutique.
  3663 | D:4      | Noticed a black bear
  3731 | D:4      | Noticed a black bear
  4051 | D:4      | Reached XP level 6. HP: 30/44 MP: 10/10
  4463 | D:4      | Identified the +5 scale mail "Jubumic" {-Cast rC+ Str+4}
  4592 | D:4      | Reached skill level 5 in Dodging
  4652 | D:4      | Noticed a wyvern
  4662 | D:4      | Killed a wyvern
  4663 | D:4      | Reached skill level 5 in Unarmed Combat
  4663 | D:4      | Reached XP level 7. HP: 10/51 MP: 11/11
  5201 | D:5      | Entered Level 5 of the Dungeon
  5234 | D:5      | Identified the +7 hand axe of the Crypt {freeze, +Rage
                  | rElec Str+2}
  5351 | D:5      | Reached * piety under Hepliaklqana
  5630 | D:5      | Reached skill level 1 in Stealth
  5673 | D:5      | Noticed a yak
  5673 | D:5      | Noticed a yak
  5675 | D:5      | Noticed a yak
  5683 | D:5      | Killed a yak
  5684 | D:5      | Reached skill level 5 in Transmutations
  5684 | D:5      | Reached XP level 8. HP: 34/52 MP: 10/12
  5730 | D:4      | Killed a yak
  5988 | D:5      | Killed a yak
  6520 | D:5      | Noticed Dowan
  6637 | D:5      | Noticed Duvessa
  6649 | D:5      | Slain by Duvessa

Illustrated notes

Levels and vault maps discovered:
D:1:      amcnicky_arrival_underground_garden, layout_loops_corners
D:2:      layout_basic, shapermc_ecumenical_altar_starsandcircs
D:3:      layout_basic, grunt_temple_overflow_open, serial_shops,
          nicolae_shop_behind_doors, nicolae_shop_stone, nicolae_diamond_shop,
          feat_on_display
D:4:      minmay_skewed_foursquare, layout_basic, minmay_misc_feat_chi,
          kennysheep_generic_room_2
D:5:      layout_cave_pools, uniq_duvessa

Skill      XL: |  1  2  3  4  5  6  7  8 |
---------------+-------------------------+-----
Dodging        | 3 4 5 6 |  6.8
Transmutations | 3 4 5 |  5.5
Poison Magic   | 1 2 3 4 |  4.0
Unarmed Combat | 4 5 6 |  6.8
Fighting       | 2 3 |  3.7
Spellcasting   | 3 |  3.2
Stealth        | 1 2 |  2.7
Throwing       | |  0.5
Evocations     | |  0.4

Action                   |  1- 3 |  4- 6 |  7- 9 || total
-------------------------+-------+-------+-------++-------
Melee: Unarmed           |   101 |   166 |    90 ||   357
       Headbutt          |    13 |    20 |    16 ||    49
       Punch             |     1 |     2 |     1 ||     4
Throw: Boomerang         |       |       |     8 ||     8
 Cast: Beastly Appendage |    27 |    16 |       ||    43
       Wereblood         |       |     3 |     4 ||     7
Evoke: Wand              |       |       |     9 ||     9
  Use: Scroll            |     1 |     6 |     1 ||     8
       Potion            |     1 |     6 |     2 ||     9
 Stab: Sleeping          |     2 |       |     1 ||     3
       Paralysed         |       |       |    12 ||    12
Armor: Robe              |    30 |    19 |     9 ||    58
Dodge: Dodged            |    74 |   118 |    46 ||   238
